 Dungeon Crawl Stone Soup version 0.28.0 (webtiles) character file.

Game seed: 11584074067892330007

1584579 Theoretic the Acrobat (level 27, 245/245 HPs)
             Began as a Merfolk Fire Elementalist on Feb 8, 2022.
             Was an Elder of Okawaru.
             Escaped with the Orb
             ... and 3 runes!
             The game lasted 05:08:16 (79895 turns).

Theoretic the Acrobat (Merfolk Fire Elementalist)  Turns: 79895, Time: 05:08:16

Health: 245/245    AC: 60    Str: 25    XL:     27
Magic:  18/25      EV: 20    Int: 15    God:    Okawaru [****..]
Gold:   3830       SH:  0    Dex: 14    Spells: 27/30 levels left

rFire   + + +      SeeInvis .   a - +6 bardiche (freeze)
rCold   + . .      Faith    .   (shield currently unavailable)
rNeg    . . .      Spirit   .   p - +12 gold dragon scales
rPois   +          Reflect  .   h - +4 helmet "Qoezxipn" {Str+5}
rElec   +          Harm     .   E - +1 cloak of Starlight {*Dazzle EV+4 Stlth--}
rCorr   +          Rampage  .   T - +2 pair of gloves {hurl}
Will    +++..                   W - +0 pair of boots of Understanding {Will+}
Stlth   ..........              I - amulet of Xom's Passing Interest {Regen+ rCorr Stlth+}
HPRegen 1.30/turn               y - ring of fire
MPRegen 0.19/turn               D - ring of the Tortoise {AC+8}

@: mighty, resistant, heroic, finesse-ful, attractive, hasted, very quick
A: (nimble swimmer 2), mertail, clumsy 1, low MP 2, poison resistance, noise
suppression
0: Orb of Zot
}: 3/15 runes: decaying, serpentine, abyssal
a: Renounce Religion, Heroism, Finesse


You escaped.
You worshipped Okawaru.
Okawaru was greatly pleased with you.
You visited 10 branches of the dungeon, and saw 48 of its levels.
You visited the Abyss 2 times.
You also visited: Bailey, Ice Cave and Wizlab.

You collected 7012 gold pieces.
You spent 3182 gold pieces at shops.

Inventory:

Hand Weapons
 a - a +6 bardiche of freezing (weapon)
 b - a +6 bardiche of flaming
 c - a +4 trishula of holy wrath
 d - the +6 quarterstaff "Amics" {protect, +Blink rPois rF+ Will+}
   (You bought it in a shop on level 2 of the Snake Pit)

   It grants its wielder temporary protection when it strikes (+7 to AC).
   rF:        It protects you from fire.
   rPois:     It protects you from poison.
   +Blink:    It lets you blink.
   Will:      It increases your willpower.
Missiles
 e - 19 silver javelins
 i - 9 boomerangs of dispersal
 A - 39 javelins (quivered)
 K - 4 boomerangs
 L - 27 curare-tipped darts
 N - 4 silver boomerangs
Armour
 h - the +4 helmet "Qoezxipn" (worn) {Str+5}
   (Okawaru gifted it to you on level 2 of the Orcish Mines)

   Str:       It affects your strength (+5).
 j - the +1 cloak "Hemahon" {rPois SInv}
   (Okawaru gifted it to you on level 1 of the Elven Halls)

   rPois:     It protects you from poison.
   SInv:      It lets you see invisible.
 o - a +1 pair of gloves of infusion
 p - +12 gold dragon scales (worn)
 E - the +1 cloak of Starlight (worn) {*Dazzle EV+4 Stlth--}
   (You found it on level 3 of the Elven Halls)

   It may blind those who miss an attack against the wearer in melee combat.
   EV:        It affects your evasion (+4).
   Stlth:     It makes you much less stealthy.
 Q - a +2 cloak of willpower
 T - a +2 pair of gloves of hurling (worn)
 W - the +0 pair of boots of Understanding (worn) {Will+}
   (You acquired it on level 2 of the Realm of Zot)

   Will:      It increases your willpower.
Jewellery
 r - a ring of protection from cold
 u - a ring of see invisible
 w - an amulet of guardian spirit
 y - a ring of fire (left hand)
 B - a ring of fire
 C - a +4 ring of evasion
 D - the ring of the Tortoise (right hand) {AC+8}
   (You found it on level 5 of the Realm of Zot)

   [ring of protection]

   AC:        It affects your AC (+8).
 I - the amulet of Xom's Passing Interest (around neck) {Regen+ rCorr Stlth+}
   (You acquired it on level 3 of the Lair of Beasts)

   [amulet of regeneration]

   Regen:     It increases your rate of health regeneration.
   rCorr:     It protects you from acid and corrosion.
   Stlth:     It makes you more stealthy.
Wands
 t - a wand of iceblast (38)
 J - a wand of acid (18)
 R - a wand of digging (9)
Scrolls
 f - 9 scrolls of teleportation
 g - 8 scrolls of immolation
 q - 2 scrolls of silence
 s - a scroll of magic mapping
 x - 5 scrolls of holy word
 z - a scroll of enchant weapon
 O - 2 scrolls of fear
 P - 5 scrolls of fog
 U - a scroll of blinking
Potions
 l - a potion of might
 m - 2 potions of ambrosia
 n - 4 potions of lignification
 v - 14 potions of curing
 G - 2 potions of cancellation
 M - 3 potions of magic
 S - 4 potions of attraction
 V - 4 potions of resistance
Miscellaneous
 k - a condenser vane
 H - a tin of tremorstones (2/2)
 Y - a lightning rod (4/4)


   Skills:
 - Level 26.0(27) Fighting
 - Level 24.0(27) Polearms
 - Level 16.0(21.0) Throwing
 + Level 19.4(24.4) Armour
 - Level 26.5(27) Dodging
 - Level 5.0(10.0) Stealth
 - Level 2.0 Spellcasting
 - Level 0.7 Conjurations
 - Level 2.1 Fire Magic
 - Level 12.0 Invocations
 - Level 15.0 Evocations


You had 27 spell levels left.
You knew the following spells:

 Your Spells              Type           Power      Damage    Failure   Level
a - Foxfire               Conj/Fire      32%        2x1d5     75%         1
b - Scorch                Fire           24%        2d6       77%         2

Your spell library contained the following spells:

 Spells                   Type           Power      Damage    Failure   Level
 Magic Dart               Conj           12%        1d3       83%         1
 Shock                    Conj/Air       8%         1d3       87%         1
 Apportation              Tloc           2%         N/A       90%         1
 Freeze                   Ice            4%         1d3       90%         1
 Sandblast                Erth           2%         2d4       90%         1
 Sting                    Tmut/Pois      4%         1d3       90%         1
 Searing Ray              Conj           6%         2d4       93%         2
 Static Discharge         Conj/Air       2%         N/A       95%         2
 Blink                    Tloc           2%         N/A       97%         2
 Corpse Rot               Necr/Air       2%         N/A       97%         2
 Ensorcelled Hibernation  Hex/Ice        2%         N/A       97%         2
 Poisonous Vapours        Pois/Air       2%         N/A       97%         2
 Conjure Flame            Conj/Fire      8%         6-21      98%         3
 Inner Flame              Hex/Fire       7%         N/A       98%         3
 Dazzling Flash           Conj/Hex       4%         N/A       99%         3
 Frozen Ramparts          Ice            2%         1d2       99%         3
 Gell's Gravitas          Tloc           1%         N/A       99%         3
 Lesser Beckoning         Tloc           1%         N/A       99%         3
 Ozocubu's Armour         Ice            1%         N/A       99%         3
 Spider Form              Tmut/Pois      1%         N/A       99%         3
 Stone Arrow              Conj/Erth      4%         3d7       99%         3
 Teleport Other           Tloc           1%         N/A       99%         3
 Airstrike                Air            0%         N/A       100%        4
 Anguish                  Hex/Necr       0%         N/A       100%        4
 Dispel Undead            Necr           1%         3d6       100%        4
 Flame Wave               Conj/Fire      8%         2d5       100%        4
 Fulminant Prism          Conj/Hex       1%         3d6       100%        4
 Ice Form                 Ice/Tmut       1%         N/A       100%        4
 Iskenderun's Mystic Bla  Conj/Tloc      2%         2d3       100%        4
 Olgreb's Toxic Radiance  Pois           1%         N/A       100%        4
 Passage of Golubria      Tloc           1%         N/A       100%        4
 Petrify                  Tmut/Erth      1%         N/A       100%        4
 Sticky Flame             Conj/Fire      8%         2d3       100%        4
 Agony                    Necr           1%         N/A       100%        5
 Alistair's Intoxication  Tmut/Pois      0%         N/A       100%        5
 Blade Hands              Tmut           0%         N/A       100%        5
 Borgnjor's Vile Clutch   Necr/Erth      0%         N/A       100%        5
 Fireball                 Conj/Fire      4%         3d4       100%        5
 Freezing Cloud           Conj/Ice/Air   1%         6-21      100%        5
 Irradiate                Conj/Tmut      1%         3d14      100%        5
 Iskenderun's Battlesphe  Conj           3%         2d6       100%        5
 Lightning Bolt           Conj/Air       1%         1d12      100%        5
 Manifold Assault         Tloc           1%         N/A       100%        5
 Metabolic Englaciation   Hex/Ice        0%         N/A       100%        5
 Silence                  Hex/Air        0%         N/A       100%        5
 Conjure Ball Lightning   Conj/Air       1%         3x3d6     100%        6
 Dispersal                Tloc           0%         N/A       100%        6
 Starburst                Conj/Fire      4%         6d3       100%        6
 Statue Form              Tmut/Erth      0%         N/A       100%        6
 Dragon Form              Tmut           0%         N/A       100%        7
 Enfeeble                 Hex            0%         N/A       100%        7
 Orb of Destruction       Conj           1%         9d5       100%        7
 Storm Form               Tmut/Air       0%         N/A       100%        7
 Disjunction              Tloc           0%         N/A       100%        8
 Ignition                 Fire           6%         3d4       100%        8
 Lehudib's Crystal Spear  Conj/Erth      1%         10d2      100%        8
 Maxwell's Capacitive Co  Air            0%         ∞         100%        8
 Summon Guardian Golem    Hex/Summ       Unusable   N/A       N/A         3
 Tukima's Dance           Hex            Unusable   N/A       N/A         3
 Animate Armour           Summ/Erth      Unusable   N/A       N/A         4
 Animate Dead             Necr           Unusable   N/A       N/A         4
 Summon Ice Beast         Ice/Summ       Unusable   N/A       N/A         4
 Summon Lightning Spire   Summ/Air       Unusable   N/A       N/A         4
 Death Channel            Necr           Unusable   N/A       N/A         6
 Simulacrum               Ice/Necr       Unusable   N/A       N/A         6
 Spellforged Servitor     Conj/Summ      Unusable   N/A       N/A         7
 Infestation              Necr           Unusable   N/A       N/A         8

Dungeon Overview and Level Annotations

Branches:
Dungeon (15/15)            Temple (1/1) D:5            Lair (6/6) D:9
  Swamp (4/4) Lair:3        Snake (4/4) Lair:2        Slime (0/5) Lair:5
    Orc (2/2) D:10            Elf (3/3) Orc:2        Vaults (4/5) D:14
  Crypt (0/3) Vaults:2     Depths (4/4) D:15            Zot (5/5) Depths:4
 Bailey (visited)           IceCv (visited)          WizLab (visited)

Altars:
Ashenzari
Cheibriados
Dithmenos
Elyvilon
Fedhas
Gozag
Hepliaklqana
Kikubaaqudgha
Makhleb
Nemelex Xobeh
Okawaru
Qazlal
Ru
Sif Muna
Trog
Uskayaw
Vehumet
Wu Jian
Xom
Yredelemnul
Zin
The Shining One
Beogh

Shops:
D:9 (   D:15 *   Orc:2 :[(*?   Elf:1 (   Elf:2 (   Elf:3 *   Snake:2 ([(
Snake:4 :=:   Vaults:1 (   Vaults:3 *   Vaults:4 *   Depths:1 ((

Portals:
Hell: Depths:1 Depths:2 Depths:3 Depths:4
Abyss: Depths:2 Depths:3 Depths:4
Pandemonium: Depths:2 Depths:3
Ziggurat: Depths:2

Annotations:
D:2 1 runed translucent door, Crazy Yiuf
D:7 2 runed translucent doors
Lair:5 exclusion: 2 oklob plants
Swamp:3 3 runed translucent doors, Amet's ghost, journeyman MiBe


Innate Abilities, Weirdness & Mutations

((You are very nimble when in or above water. (Stealth+, EV+, Speed+++)))
Your lower body shifts to a powerful aquatic tail in water.
You are clumsy. (Dex -2)
Your magical capacity is very low. (-20% MP)
Your system is resistant to poisons. (rPois)
You passively dampen the noise of your surroundings.


Message History

Okawaru accepts your kill.
An orange demon comes into view.
Aiming: Dig
Press: ? - help, Shift-Dir - straight line A rock wall.
This square is covered in magical glow.
The rock shatters into small pieces.
Unknown command.
There is a staircase leading out of the dungeon here.
You feel protected.
Unknown command.
Okay, then.
You feel very mighty all of a sudden.
Okay, then.
Really quaff the potion of mutation?
You feel extremely strange.
Your urge to shout disappears.
You regain control of your magic.
You feel stronger.
Really quaff the potion of mutation?
You feel extremely strange.
You feel less resistant to poisons.
Your body's shape seems more normal.
You feel weaker.
You feel resistant to poisons.
You feel your surroundings grow quieter.
Okay, then.
You feel yourself speed up. The orange demon completely misses you.
Okay, then.
Really quaff the potion of attraction?
You feel attractive to monsters.
The orange demon stings you but does no damage.
The orange demon is attracted toward you.
Okay, then.
Okay, then.
Okay, then.
Okay, then.
You gain the combat prowess of a mighty hero.
You can now deal lightning-fast blows.
You can no longer enter into single combat with a foe.
Okawaru will no longer gift you equipment.
The orange demon closely misses you. The orange demon barely misses you.
You have escaped!

## ######
.###############....##
.....#....##...).....###
###.....###...##.##....####
..####.....####...####....#
.....###+###.........###..#
⌠......'.'......@......#.##
.....###'###....4....###.##
..####.....####.§.####....#
###....#......##.##.......#
....##....................#
...##.............###..#..#
..###.###..###.#### #####.#
.## ### #.## #4# ###
.########.# #.#


You could see an orange demon.

Vanquished Creatures
  A dread lich (Abyss:1)
  3 ancient liches
  4 orbs of fire
  The ghost of freelancePsychic the Sorcerer, a legendary DjSu of Hepliaklqana (Zot:5)
  Mennas (Depths:3)
  4 Killer Klowns
  Saint Roka (Arena)
  The ghost of pdpol the Conqueror, a veteran MiBe of Trog (Arena)
  Margery (Vaults:4)
  5 curse toes
  The ghost of RBrandon the Warrior, a veteran GrCA of Jiyva (Zot:5)
  Vashnia (Snake:3)
  the Lernaean hydra (Swamp:4)
  6 caustic shrikes
  Xtahua (Vaults:4)
  12 golden dragons
  Nikola (Swamp:1)
  A profane servitor (Depths:1)
  A bone dragon (Depths:4)
  An electric golem (Zot:5)
  A Brimstone Fiend (Depths:4)
  Rupert (Orc:2)
  16 tentacled monstrosities
  21 Orb Guardians
  A Hell Sentinel (Abyss:2)
  2 deep elf blademasters
  A walking frostbound tome (Depths:2)
  A walking divine tome (Depths:2)
  A walking earthen tome (Depths:3)
  2 quicksilver dragons
  2 sphinxes
  2 titans
  2 Executioners
  2 deep elf master archers (Elf:3)
  10 tentacled starspawn
  A sphinx (shapeshifter) (Depths:1)
  A thorn hunter (Swamp:2)
  7 death cobs
  5 shadow dragons
  3 draconian monks
  8 storm dragons
  3 tengu reavers
  Donald (Vaults:1)
  A fenstrider witch (Swamp:2)
  6 nagarajas (Snake:4)
  10 fire giants
  5 iron dragons
  3 deep elf sorcerers (Elf:3)
  3 ghost moths
  A cacodemon (Abyss:4)
  Aizul (Snake:3)
  10 draconian shifters
  9 frost giants
  3 orc warlords
  7 draconian knights
  6 draconian scorchers
  10 vault wardens
  5 draconian stormcallers
  7 draconian annihilators
  2 deep elf elementalists (Elf:3)
  14 ironbound preservers
  A juggernaut skeleton (Abyss:3)
  16 very ugly things
  A demonspawn corrupter (Abyss:4)
  16 stone giants
  5 spriggan defenders
  3 ironbound thunderhulks
  A caustic shrike skeleton (Abyss:2)
  4 vampire knights
  15 spark wasps
  10 white draconians
  17 green draconians
  3 eleionomae
  11 deep elf annihilators (Elf:3)
  20 purple draconians
  9 yellow draconians
  12 red draconians
  7 deep elf demonologists
  3 entropy weavers
  A lorocyproca (Abyss:2)
  19 black draconians
  2 bunyips
  14 dire elephants
  10 deep elf death magi
  9 statues (WizLab)
  6 fire dragons
  13 ettins
  An ettin (shapeshifter) (Elf:2)
  2 crystal guardians (Vaults:3)
  Josephine (D:13)
  A blizzard demon (Abyss:4)
  2 shambling mangroves (Swamp:2)
  11 yaktaur captains
  2 deep elf high priests (Elf:3)
  11 ice dragons
  6 rakshasas
  13 great orbs of eyes
  8 vault guards
  A ghost crab (Swamp:4)
  10 spriggan air magi
  2 alligator snapping turtles (Snake:2)
  13 naga warriors
  2 boulder beetles (Vaults:1)
  26 hydras
  11 alligators
  3 ogre magi
  10 anacondas
  18 two-headed ogres
  A peacekeeper (Vaults:3)
  20 centaur warriors
  A death knight (D:12)
  6 ironbound frosthearts
  A tengu warrior (D:8)
  5 deep troll shamans
  13 thrashing horrors
  4 deep troll earth magi
  30 dancing weapons
  2 orc high priests
  2 vampire magi
  3 shock serpents
  Sonja (Lair:6)
  9 sun demons
  14 naga sharpshooters
  15 deep elf knights
  12 spriggan berserkers
  A fire crab (shapeshifter) (Elf:3)
  2 sixfirhies (Abyss:4)
  8 hell knights
  9 wretched stars
  A fire crab (Lair:6)
  4 salamander mystics
  A spatial maelstrom (Abyss:3)
  4 iron trolls
  59 deep trolls
  12 goliath frogs
  10 skeletal warriors
  An orb spider (shapeshifter) (Depths:3)
  A flayed ghost (Vaults:4)
  2 spriggan druids (Swamp:2)
  24 large abominations
  7 bog bodies
  10 sea snakes
  34 starcursed masses
  An anaconda zombie (Abyss:3)
  11 swamp dragons
  14 orc knights
  14 wizards
  5 naga ritualists (Snake:4)
  4 harpies
  4 glowing orange brains
  11 ironbound convokers
  8 lindwurms
  4 phantasmal warriors
  7 necromancers
  13 deep elf archers
  6 mana vipers
  33 deep elf zephyrmancers
  A wolf spider zombie (D:15)
  17 deep elf pyromancers
  A tengu skeleton (Depths:1)
  An iron dragon zombie (Depths:1)
  A salamander (shapeshifter) (Abyss:5)
  38 ugly things
  11 orc sorcerers
  2 shining eyes (Depths:1)
  4 worldbinders
  4 cyclopes
  3 manticores
  32 moths of wrath
  29 slime creatures
  11 salamanders
  5 will-o-the-wisps
  3 apocalypse crabs
  6 elephants
  40 black mambas
  An eye of devastation (Depths:1)
  8 guardian serpents
  5 smoke demons
  Maurice (Orc:2)
  12 vault sentinels
  19 naga magi
  A spriggan zombie (Depths:1)
  18 cane toads
  A gargoyle (D:10)
  3 torpor snails
  4 rime drakes
  9 komodo dragons
  A cane toad (shapeshifter) (D:14)
  6 unseen horrors
  3 kobold demonologists
  An orange demon (Abyss:3)
  10 ice devils (IceCv)
  A hellion (Depths:1)
  24 tengu conjurers
  An entropy weaver simulacrum (IceCv)
  A tormentor (D:7)
  25 yaktaurs
  2 guardian mummies (Zot:4)
  4 freezing wraiths
  A hellwing (Depths:3)
  2 anaconda simulacra (IceCv)
  7 ancient zymes
  12 trolls
  A meliai (shapeshifter) (D:15)
  A bloated husk (Swamp:2)
  A polar bear (Lair:6)
  A wolf spider simulacrum (D:15)
  2 tarantellas
  9 tyrant leeches
  2 wind drakes (Abyss:4)
  15 raiju
  14 hornets
  A blink frog (shapeshifter) (D:15)
  22 dream sheep
  46 blink frogs
  4 snapping turtles (Snake:2)
  A slime creature (shapeshifter) (Elf:2)
  2 meliai zombies (D:11)
  4 air elementals
  Sigmund (D:6)
  A jumping spider (Vaults:2)
  A dire elephant simulacrum (IceCv)
  5 ynoxinuls
  A shadow (D:9)
  5 flying skulls (Abyss:2)
  11 spriggans
  6 wraiths
  4 fire bats (Abyss:4)
  4 water elementals
  5 fire elementals
  6 basilisks
  20 chaos spawn
  8 wyverns
  7 neqoxecs
  4 steam dragons
  29 yaks
  3 redbacks
  4 death yak simulacra (IceCv)
  25 vampire mosquitoes
  3 spatial vortices
  18 swamp worms
  39 nagas
  4 wargs
  A harpy simulacrum (IceCv)
  An acid dragon (D:12)
  4 hell hounds
  A water moccasin (shapeshifter) (Depths:4)
  16 water moccasins
  4 floating eyes
  8 swamp drakes
  3 ice beasts
  49 orc warriors
  2 sky beasts
  A black bear (shapeshifter) (Depths:2)
  11 ogres
  4 boggarts
  22 centaurs
  21 wolves
  Blork the orc (D:6)
  2 phantoms
  3 kobold brigands
  24 bullfrogs
  A cane toad simulacrum (IceCv)
  5 earth elementals
  A human simulacrum (Depths:1)
  A wyvern zombie (D:6)
  3 gnoll sergeants
  A scorpion (D:4)
  22 small abominations
  4 killer bees (D:10)
  A killer bee (shapeshifter) (Depths:2)
  4 elephant simulacra (IceCv)
  9 wights
  15 electric eels
  2 vampire bats (Abyss:4)
  2 howler monkeys
  2 bullfrog zombies
  2 crimson imps (Abyss:3)
  A quasit (Abyss:3)
  6 centaur zombies
  7 hounds
  2 gnoll shamans
  4 jellies (D:7)
  24 orc priests
  2 centaur skeletons
  2 iron imps (Abyss:2)
  2 bullfrog skeletons
  2 iguanas (D:5)
  23 orc wizards
  3 troll simulacra (IceCv)
  3 polar bear simulacra (IceCv)
  A spriggan simulacrum (IceCv)
  A killer bee zombie (D:8)
  3 wolf simulacra (IceCv)
  A hound skeleton (D:4)
  3 howler monkey zombies
  A howler monkey skeleton (D:7)
  17 gnolls
  6 adders
  2 shadow imps
  8 white imps
  9 ufetubi
  An adder skeleton (D:4)
  5 dart slugs
  85 orcs
  9 endoplasms
  2 giant cockroaches
  20 goblins
  6 hobgoblins
  6 jackals (D:3)
  13 kobolds
  5 quokkas
  8 ball pythons
  8 bats
  3 frilled lizards
  A jackal skeleton (D:4)
  4 rats
  A butterfly (Abyss:4)
  2 lurking horrors
  4 starspawn tentacles
2392 creatures vanquished.

Vanquished Creatures (collateral kills)
  A hound skeleton (D:4)
  A gnoll (D:4)
  A goblin (D:4)
3 creatures vanquished.

Vanquished Creatures (others)
  A draconian knight (Zot:3)
  A purple draconian (WizLab)
  2 deep elf knights
  A deep elf zephyrmancer (Elf:1)
  An unseen horror (D:13)
  A bloated husk (Swamp:1)
  2 small abominations (Abyss:3)
  An orc wizard (D:7)
  A shadow imp (Abyss:3)
  2 orcs (Bailey)
  A bush (Abyss:3)
  7 demonic plants (Abyss:3)
  262 foxfires
  35 fungi
  A lurking horror (Abyss:3)
  131 plants
  45 starspawn tentacles
  4 withered plants (Zot:5)
499 creatures vanquished.

Grand Total: 2894 creatures vanquished

Notes
Turn   | Place    | Note
-------+----------+-------------------------------------------
     0 | D:1      | Theoretic the Merfolk Fire Elementalist began the quest for
                  | the Orb.
     0 | D:1      | Reached XP level 1. HP: 13/13 MP: 3/3
   112 | D:1      | Reached skill level 1 in Polearms
   218 | D:1      | Reached skill level 1 in Fighting
   375 | D:1      | Reached XP level 2. HP: 21/21 MP: 3/5
   415 | D:1      | Found a faded altar of an unknown god.
   932 | D:1      | Reached XP level 3. HP: 26/27 MP: 3/6
  1117 | D:2      | Learned a level 2 spell: Scorch
  1716 | D:2      | Found a runed translucent door.
  1717 | D:2      | Noticed Crazy Yiuf
  2078 | D:3      | You fall into a shaft and drop 2 floors!
  2078 | D:5      | Entered Level 5 of the Dungeon
  2146 | D:5      | Reached XP level 4. HP: 34/34 MP: 4/7
  2290 | D:5      | Reached XP level 5. HP: 41/41 MP: 4/8
  2328 | D:5      | Found a staircase to the Ecumenical Temple.
  2337 | Temple   | Entered the Ecumenical Temple
  2552 | Temple   | Became a worshipper of Warmaster Okawaru
  2718 | D:5      | Noticed an ogre
  2796 | D:5      | Noticed an ice beast
  3116 | D:5      | Reached skill level 5 in Polearms
  3296 | D:3      | Reached XP level 6. HP: 42/48 MP: 5/9
  4703 | D:4      | Reached skill level 5 in Fighting
  4940 | D:4      | Reached XP level 7. HP: 52/56 MP: 2/10
  5353 | D:4      | Reached * piety under Okawaru
  6057 | D:5      | Found a snail-covered altar of Cheibriados.
  6272 | D:5      | Reached XP level 8. HP: 64/64 MP: 11/11
  6295 | D:4      | Reached skill level 5 in Dodging
  6430 | D:5      | Reached ** piety under Okawaru
  6540 | D:5      | Found a sacrificial altar of Ru.
  6543 | D:5      | Found an ornate altar of the Wu Jian Council.
  7746 | D:6      | Identified the +1 robe of Insecurity {rC- MP-9 Int+7}
  7780 | D:6      | Reached XP level 9. HP: 70/72 MP: 12/12
  7800 | D:6      | Reached skill level 10 in Polearms
  7914 | D:6      | Reached *** piety under Okawaru
  8448 | D:6      | Noticed Sigmund
  8898 | D:6      | Noticed Blork the orc
  8924 | D:6      | Killed Blork the orc
  9679 | D:6      | Killed Sigmund
  9680 | D:6      | Reached skill level 1 in Invocations
 10022 | D:7      | Found a large runed translucent door.
 10022 | D:7      | Noticed a kobold demonologist
 10022 | D:7      | Noticed a two-headed ogre
 10024 | D:7      | Found a large runed translucent door.
 11359 | D:7      | Reached XP level 10. HP: 83/83 MP: 8/13
 11521 | D:7      | Noticed a two-headed ogre
 11708 | D:7      | Found a large runed translucent door.
 11708 | D:7      | Found a large runed translucent door.
 12313 | D:8      | Reached **** piety under Okawaru
 13492 | D:9      | Reached skill level 10 in Dodging
 13587 | D:9      | Noticed a two-headed ogre
 13624 | D:9      | Killed a two-headed ogre
 13625 | D:9      | Reached skill level 10 in Fighting
 13625 | D:9      | Reached skill level 5 in Invocations
 13885 | D:9      | Reached ***** piety under Okawaru
 13909 | D:9      | Found Bejut's Weapon Shoppe.
 14164 | D:9      | Reached XP level 11. HP: 41/91 MP: 15/15
 14590 | D:9      | Identified the +2 helmet "Hero's Friend" {Int+3} (Okawaru
                  | gifted it to you on level 9 of the Dungeon)
 14590 | D:9      | Received a gift from Okawaru
 14846 | D:9      | Noticed a tengu warrior
 15407 | D:7      | Killed a two-headed ogre
 15558 | D:8      | Killed a tengu warrior
 15644 | D:9      | Found a staircase to the Lair.
 16087 | D:9      | Noticed a two-headed ogre
 16104 | D:9      | Killed a two-headed ogre
 16300 | D:10     | Entered Level 10 of the Dungeon
 16300 | D:10     | Found a staircase to the Orcish Mines.
 16892 | D:10     | Got the Disquisition on the Snowflakes and Black Magic
 16950 | D:10     | Reached XP level 12. HP: 71/100 MP: 17/17
 16965 | D:10     | Noticed a five-headed hydra
 16982 | D:10     | Killed a five-headed hydra
 16996 | D:10     | Found a flagged portal.
 17013 | Bailey   | Entered a bailey
 17503 | Bailey   | Reached skill level 15 in Polearms
 17985 | D:10     | Found a hide-covered altar of Uskayaw.
 18428 | Orc:1    | Entered Level 1 of the Orcish Mines
 18587 | Orc:1    | Identified a scroll of acquirement
 18587 | Orc:1    | Acquired the +0 buckler of Qushrec {rN+ Slay+3}
 18638 | Orc:2    | Entered Level 2 of the Orcish Mines
 18820 | Orc:2    | Found Wearghi's Magic Scroll Shoppe.
 18827 | Orc:2    | Noticed Maurice
 18850 | Orc:2    | Killed Maurice
 18859 | Orc:2    | Identified the +4 helmet "Qoezxipn" {Str+5} (Okawaru gifted
                  | it to you on level 2 of the Orcish Mines)
 18859 | Orc:2    | Received a gift from Okawaru
 18901 | Orc:2    | Bought a scroll of magic mapping for 49 gold pieces
 18975 | Orc:1    | Found a frozen archway.
 19001 | IceCv    | Entered an ice cave
 19712 | IceCv    | Found an ancient bone altar of Kikubaaqudgha.
 19905 | IceCv    | Reached XP level 13. HP: 109/109 MP: 20/20
 20157 | IceCv    | Reached skill level 10 in Invocations
 21046 | Orc:1    | Identified the +5 rapier "Ifiuxedi" {antimagic, rPois rC+++
                  | rN+ Dex-5} (Okawaru gifted it to you on level 1 of the
                  | Orcish Mines)
 21046 | Orc:1    | Received a gift from Okawaru
 21054 | Orc:1    | Paralysed by an orc sorcerer for 2 turns
 21872 | Orc:2    | Found a staircase to the Elven Halls.
 22071 | Orc:2    | Noticed Rupert
 22072 | Orc:2    | Noticed an orc warlord
 22083 | Arena    | Entered the Arena
 22093 | Arena    | Gained mutation: You are frail. (-10% HP) [potion of
                  | mutation]
 22093 | Arena    | Gained mutation: You are partially covered in iridescent
                  | scales. (AC +2) [potion of mutation]
 22093 | Arena    | Gained mutation: You have a pair of small horns on your
                  | head. [potion of mutation]
 22109 | Orc:2    | Received a gift from Okawaru
 22110 | Orc:2    | Reached skill level 15 in Dodging
 22137 | Arena    | Entered the Arena
 22203 | Orc:2    | Received a gift from Okawaru
 22204 | Orc:2    | Noticed Saint Roka
 22211 | Orc:2    | Killed Rupert
 22219 | Arena    | Entered the Arena
 22225 | Arena    | HP: 5/100 [Saint Roka/divine providence (11)]
 22228 | Arena    | Killed Saint Roka
 22229 | Arena    | Reached XP level 14. HP: 6/108 MP: 8/22
 22768 | Orc:2    | Killed an orc warlord
 22769 | Orc:2    | Found Oplieticw's Book Shoppe.
 23085 | Orc:2    | Found Niramm's Antique Weapon Shoppe.
 23344 | Orc:2    | Found Loazxass's General Store.
 23350 | Orc:2    | Bought a scroll of enchant armour for 90 gold pieces
 23359 | Orc:2    | Found Tuff's Antique Armour Shoppe.
 23366 | Orc:2    | Bought an encrusted leather armour for 196 gold pieces
 23366 | Orc:2    | Identified the +3 leather armour of the Ten Xenops {Will+
                  | Dex+4} (You bought it in a shop on level 2 of the Orcish
                  | Mines)
 23367 | Orc:2    | Bought a steaming ring mail for 252 gold pieces
 23367 | Orc:2    | Identified the +1 ring mail of Henotheism {Str-4 Int+4
                  | Slay+2} (You bought it in a shop on level 2 of the Orcish
                  | Mines)
 23500 | Lair:1   | Entered Level 1 of the Lair of Beasts
 24977 | Lair:2   | Found a staircase to the Snake Pit.
 25158 | Lair:2   | Reached skill level 1 in Armour
 25904 | Lair:3   | Identified the +8 chain mail of Wehereum {rPois Will+}
                  | (Okawaru gifted it to you on level 3 of the Lair of Beasts)
 25904 | Lair:3   | Received a gift from Okawaru
 26010 | Lair:3   | Found a staircase to the Swamp.
 26235 | Orc:2    | Bought a scroll of teleportation for 42 gold pieces
 26235 | Orc:2    | Bought a scroll of immolation for 49 gold pieces
 26235 | Orc:2    | Bought a scroll of identify for 28 gold pieces
 26235 | Orc:2    | Bought a scroll of fear for 49 gold pieces
 26235 | Orc:2    | Bought a scroll of teleportation for 42 gold pieces
 26235 | Orc:2    | Bought a scroll of identify for 28 gold pieces
 26336 | Lair:1   | Acquired a manual of Evocations
 26422 | Lair:3   | Acquired the amulet of Xom's Passing Interest {Regen+ rCorr
                  | Stlth+}
 26452 | Lair:3   | Identified the +9 whip "Qaops" {elec, rC+++}
 27002 | Lair:4   | Reached skill level 1 in Evocations
 28373 | Lair:5   | Reached XP level 15. HP: 92/114 MP: 24/24
 28376 | Lair:5   | Received a gift from Okawaru
 28532 | Lair:5   | Reached skill level 15 in Fighting
 28610 | Lair:5   | Found a staircase to the Slime Pits.
 29126 | Lair:5   | Reached skill level 5 in Evocations
 29556 | Lair:6   | Entered Level 6 of the Lair of Beasts
 29670 | Lair:6   | Noticed Sonja
 29782 | Lair:5   | Received a gift from Okawaru
 30101 | Lair:6   | Identified the +3 leather armour of the Desolation of Salt
                  | {Int+2}
 30490 | Lair:6   | Killed Sonja
 31094 | Swamp:1  | Entered Level 1 of the Swamp
 31383 | Lair:3   | Received a gift from Okawaru
 31555 | Swamp:1  | Reached skill level 5 in Armour
 31603 | Swamp:1  | Noticed Nikola
 31623 | Swamp:1  | Killed Nikola
 32297 | Swamp:2  | Reached skill level 1 in Throwing
 32297 | Swamp:2  | Reached XP level 16. HP: 118/124 MP: 25/25
 32335 | Swamp:2  | Paralysed by a hornet for 2 turns
 32522 | Swamp:2  | Reached ****** piety under Okawaru
 32523 | Swamp:2  | Found an ornate altar of the Wu Jian Council.
 32546 | Swamp:2  | Noticed a thorn hunter
 32566 | Swamp:2  | Killed a thorn hunter
 32566 | Swamp:2  | Identified the +6 halberd of Reason {speed, rPois rF+}
                  | (Okawaru gifted it to you on level 2 of the Swamp)
 32566 | Swamp:2  | Received a gift from Okawaru
 32722 | Swamp:2  | Noticed a fenstrider witch
 32734 | Swamp:2  | Killed a fenstrider witch
 33484 | Swamp:3  | Received a gift from Okawaru
 33543 | Swamp:3  | Found a runed translucent gate.
 33543 | Swamp:3  | Found a runed translucent gate.
 33543 | Swamp:3  | Found a runed translucent gate.
 33545 | Swamp:3  | Noticed Amet's ghost (journeyman MiBe)
 33690 | Swamp:3  | Found an ornate altar of the Wu Jian Council.
 33909 | Swamp:4  | Entered Level 4 of the Swamp
 33918 | Swamp:4  | Reached skill level 5 in Throwing
 34535 | Swamp:4  | Noticed the 27-headed Lernaean hydra
 34571 | Swamp:4  | Killed the 22-headed Lernaean hydra
 34648 | Swamp:4  | Received a gift from Okawaru
 34712 | Swamp:4  | Got a decaying rune of Zot
 35031 | Snake:1  | Entered Level 1 of the Snake Pit
 35053 | Arena    | Entered the Arena
 35159 | Snake:1  | Reached XP level 17. HP: 99/130 MP: 26/26
 36728 | Snake:2  | Received a gift from Okawaru
 36905 | Snake:2  | Found Qiasch's Weapon Emporium.
 36915 | Snake:2  | Found Fotuecuck's Antique Armour Shop.
 37499 | Snake:2  | Received a gift from Okawaru
 38355 | Snake:2  | Found Ammapn's Weapon Emporium.
 38362 | Snake:2  | Bought the +6 quarterstaff "Amics" {protect, +Blink rPois
                  | rF+ Will+} for 787 gold pieces
 38644 | Snake:3  | Noticed Aizul
 38671 | Snake:3  | Killed Aizul
 38998 | Snake:3  | Noticed Vashnia
 39011 | Snake:3  | Killed Vashnia
 39016 | Snake:3  | Received a gift from Okawaru
 39314 | Snake:3  | Reached skill level 10 in Throwing
 39350 | Snake:3  | Received a gift from Okawaru
 39374 | Snake:4  | Entered Level 4 of the Snake Pit
 39491 | Snake:4  | Reached XP level 18. HP: 139/139 MP: 27/27
 39661 | Snake:4  | Received a gift from Okawaru
 39735 | Snake:4  | Found Xusew's Book Emporium.
 39735 | Snake:4  | Found Ymaoboy's Jewellery Shop.
 39736 | Snake:4  | Found Owairch's Book Emporium.
 39979 | Snake:4  | Received a gift from Okawaru
 40083 | Snake:4  | Identified the +0 scale mail "Icuiz" {Drain +Blink rC++
                  | Stlth+}
 40314 | Snake:4  | Identified the +3 buckler of Disappointment {Will++ Dex+4
                  | Stlth-} (Okawaru gifted it to you on level 4 of the Snake
                  | Pit)
 40314 | Snake:4  | Received a gift from Okawaru
 40315 | Snake:4  | Reached skill level 10 in Armour
 41192 | Snake:4  | Got a serpentine rune of Zot
 41843 | D:11     | Found a shadowy altar of Dithmenos.
 42441 | D:12     | Identified the -5 helmet of a Million Dreams {Will++ Dex+2}
 42957 | D:12     | Identified the +3 flail "Lyoxel" {speed, Fragile Str+6
                  | Dex+4}
 43128 | D:13     | Found a broken altar of Ashenzari.
 43305 | D:13     | Noticed Josephine
 43315 | D:13     | Killed Josephine
 43474 | D:13     | Received a gift from Okawaru
 43879 | D:14     | Reached XP level 19. HP: 147/147 MP: 28/28
 43900 | D:14     | Found a gate to the Vaults.
 44283 | D:15     | Entered Level 15 of the Dungeon
 44485 | D:15     | Found a staircase to the Depths.
 44665 | D:15     | Found Jeadd's General Store.
 44673 | D:15     | Bought a scroll of teleportation for 51 gold pieces
 44673 | D:15     | Bought a potion of might for 68 gold pieces
 44795 | D:15     | Lost mutation: You are frail. (-10% HP) [potion of
                  | mutation]
 44795 | D:15     | Lost mutation: You have a pair of small horns on your head.
                  | [potion of mutation]
 44795 | D:15     | Gained mutation: You occasionally shout uncontrollably at
                  | your foes. [potion of mutation]
 45521 | D:15     | Received a gift from Okawaru
 45612 | Vaults:1 | Entered Level 1 of the Vaults
 45685 | Vaults:1 | Received a gift from Okawaru
 45913 | Vaults:1 | Noticed Donald
 45928 | Vaults:1 | Killed Donald
 46061 | Arena    | Entered the Arena
 46435 | Vaults:1 | Found Zicrue's Antique Weapon Emporium.
 46500 | Vaults:1 | Received a gift from Okawaru
 47420 | Arena    | Entered the Arena
 47441 | Vaults:2 | Reached XP level 20. HP: 69/174 MP: 29/29
 47444 | Vaults:2 | Received a gift from Okawaru
 47562 | Vaults:2 | Received a gift from Okawaru
 47590 | Vaults:2 | Received a gift from Okawaru
 48006 | Vaults:2 | Found a staircase to the Crypt.
 48343 | Vaults:2 | Received a gift from Okawaru
 48728 | Vaults:3 | Received a gift from Okawaru
 49449 | Vaults:3 | Found the +9 heavy crossbow "Sniper" {vorpal, Acc+∞ SInv}
 49699 | Vaults:3 | Reached XP level 21. HP: 169/184 MP: 30/30
 49815 | Vaults:3 | Received a gift from Okawaru
 49979 | Vaults:3 | Found Bairiv's Assorted Antiques.
 49987 | Vaults:3 | Bought a brightly glowing spear for 208 gold pieces
 49987 | Vaults:3 | Identified the +7 spear of Satyriasis {drain, rElec} (You
                  | bought it in a shop on level 3 of the Vaults)
 50418 | Vaults:4 | Received a gift from Okawaru
 50538 | Vaults:4 | Noticed Margery
 50582 | Vaults:4 | Killed Margery
 50761 | Vaults:4 | Found Utyxoot's Assorted Antiques.
 50768 | Vaults:4 | Bought a scorched halberd for 279 gold pieces
 50768 | Vaults:4 | Identified the +7 halberd of Xizothed {freeze, rC- rN+
                  | rCorr SInv} (You bought it in a shop on level 4 of the
                  | Vaults)
 50891 | Vaults:4 | Received a gift from Okawaru
 51159 | Vaults:4 | Noticed Xtahua
 51175 | Vaults:4 | Killed Xtahua
 51323 | Vaults:4 | Received a gift from Okawaru
 51751 | Depths:1 | Entered Level 1 of the Depths
 51753 | Depths:1 | Identified the +5 halberd of Beyf {vorpal, Fragile rPois
                  | rN+ Dex+3} (Okawaru gifted it to you on level 1 of the
                  | Depths)
 51753 | Depths:1 | Received a gift from Okawaru
 52083 | Depths:1 | Found Voistr Jaisk's Weapon Shoppe.
 52203 | Depths:1 | Noticed a golden dragon
 52270 | Depths:1 | Killed a golden dragon
 52697 | Depths:1 | Found a gateway to Hell.
 52697 | Depths:1 | Gained mutation: Your body sometimes deteriorates upon
                  | taking damage. [a shining eye]
 52705 | Depths:1 | Gained mutation: You have a pair of small horns on your
                  | head. [a shining eye]
 52708 | Depths:1 | Lost mutation: Your body sometimes deteriorates upon taking
                  | damage. [potion of mutation]
 52708 | Depths:1 | Lost mutation: You are partially covered in iridescent
                  | scales. (AC +2) [potion of mutation]
 52708 | Depths:1 | Lost mutation: You have a pair of small horns on your head.
                  | [potion of mutation]
 52708 | Depths:1 | Gained mutation: Your spells are a little harder to cast,
                  | but a little more powerful. [potion of mutation]
 52708 | Depths:1 | Gained mutation: Your system is resistant to poisons.
                  | (rPois) [potion of mutation]
 52708 | Depths:1 | Gained mutation: Your muscles are strong. (Str +2) [potion
                  | of mutation]
 52775 | Depths:1 | Received a gift from Okawaru
 52776 | Depths:1 | Reached XP level 22. HP: 170/196 MP: 31/31
 53063 | Depths:1 | Found Perir's Weapon Emporium.
 53261 | Depths:2 | Received a gift from Okawaru
 53503 | Depths:2 | Received a gift from Okawaru
 53652 | Depths:2 | Paralysed by a floating eye for 4 turns
 53744 | Depths:2 | Identified the +2 robe of the Shrike {Fly Regen+ Str+9
                  | Stlth-} (Okawaru gifted it to you on level 2 of the Depths)
 53744 | Depths:2 | Received a gift from Okawaru
 53918 | Depths:2 | Reached skill level 15 in Armour
 54014 | Depths:2 | Noticed a caustic shrike
 54053 | Depths:2 | Noticed a caustic shrike
 54059 | Depths:2 | Noticed a caustic shrike
 54062 | Depths:2 | Killed a caustic shrike
 54067 | Depths:2 | Killed a caustic shrike
 54076 | Depths:2 | Killed a caustic shrike
 54217 | Depths:2 | Noticed a golden dragon
 54226 | Depths:2 | Killed a golden dragon
 54723 | Depths:2 | Noticed a caustic shrike
 54734 | Depths:2 | Killed a caustic shrike
 54815 | Depths:2 | Noticed a caustic shrike
 54837 | Arena    | Entered the Arena
 54838 | Arena    | Killed a caustic shrike
 55058 | Depths:2 | Got the Papyrus of Cold and Clay
 55265 | Depths:2 | Found a one-way gate to the infinite horrors of the Abyss.
 55294 | Depths:2 | Found a one-way gate leading to the halls of Pandemonium.
 55311 | Depths:2 | Found a one-way gateway to a ziggurat.
 55482 | Depths:2 | Voluntarily entered the Abyss.
 56579 | Abyss:4  | Found a corrupted altar of Lugonu.
 57030 | Abyss:5  | Entered Level 5 of the Abyss
 57030 | Abyss:5  | Found a corrupted altar of Lugonu.
 57540 | Abyss:5  | Found a corrupted altar of Lugonu.
 57552 | Depths:2 | Escaped the Abyss
 57842 | Depths:2 | Voluntarily entered the Abyss.
 57880 | Abyss:1  | Noticed a dread lich
 57901 | Abyss:1  | Killed a dread lich
 58521 | Abyss:3  | Noticed an ancient lich
 58788 | Abyss:3  | Found a transporter.
 58809 | Abyss:3  | Found a corrupted altar of Lugonu.
 58814 | Abyss:3  | Found a transporter.
 58815 | Abyss:3  | Noticed an ancient lich
 58817 | Abyss:3  | Reached XP level 23. HP: 37/190 MP: 28/32
 58817 | Abyss:3  | Reached XP level 24. HP: 39/198 MP: 28/32
 58817 | Abyss:3  | Got an abyssal rune of Zot
 58847 | Abyss:3  | Killed an ancient lich
 59210 | Depths:2 | Escaped the Abyss
 59291 | Depths:3 | Received a gift from Okawaru
 59409 | Depths:3 | Noticed a caustic shrike
 59427 | Depths:3 | Killed a caustic shrike
 59863 | Depths:3 | You fall into a shaft and drop 1 floor!
 59863 | Depths:4 | Entered Level 4 of the Depths
 59931 | Depths:4 | Reached XP level 25. HP: 172/225 MP: 30/32
 60259 | Depths:3 | Noticed Mennas
 60286 | Depths:3 | Killed Mennas
 61255 | Depths:3 | Paralysed by a floating eye for 4 turns
 61407 | Depths:3 | Received a gift from Okawaru
 62012 | Depths:3 | Found a stormy altar of Qazlal.
 62164 | Depths:4 | Reached skill level 15 in Throwing
 62653 | Elf:1    | Entered Level 1 of the Elven Halls
 62654 | Elf:1    | Paralysed by an air elemental for 1 turns
 62698 | Elf:1    | Found a magical portal.
 62704 | WizLab   | Entered Iskenderun's Mystic Tower
 62731 | WizLab   | Received a gift from Okawaru
 63499 | WizLab   | Got Iskenderun's Tome of Damage Dealing
 63499 | WizLab   | Got Iskenderun's Papyrus of Conjuration
 64027 | Elf:1    | Identified the +1 falchion "Visakkuu" {venom, rElec rC-
                  | Str+6}
 64747 | Elf:1    | Identified the +1 cloak "Hemahon" {rPois SInv} (Okawaru
                  | gifted it to you on level 1 of the Elven Halls)
 64747 | Elf:1    | Received a gift from Okawaru
 64833 | Elf:1    | Found Daiwemn's Weapon Boutique.
 65491 | Elf:2    | Found Qiemn's Antique Weapon Boutique.
 65581 | Elf:2    | Bought a masterwork halberd for 342 gold pieces
 65581 | Elf:2    | Identified the +4 halberd of the Thirsty Queens {vorpal,
                  | rN+} (You bought it in a shop on level 2 of the Elven
                  | Halls)
 65907 | Elf:2    | Found a runed translucent gate.
 66084 | Elf:2    | Found a runed translucent gate.
 66084 | Elf:2    | Found a runed translucent gate.
 66526 | Elf:2    | Reached XP level 26. HP: 119/214 MP: 27/32
 66797 | Elf:3    | Entered Level 3 of the Elven Halls
 66810 | Elf:3    | Paralysed by an air elemental for 1 turns
 66846 | Elf:3    | Found a radiant altar of Vehumet.
 67127 | Elf:3    | Found Riejait's General Store.
 67161 | Elf:3    | Bought a +1 pair of gloves of hurling for 247 gold pieces
 67625 | Elf:3    | Identified the +6 battleaxe of Disharmony {spect, Fly SInv}
                  | (Okawaru gifted it to you on level 3 of the Elven Halls)
 67625 | Elf:3    | Received a gift from Okawaru
 67718 | Elf:3    | Identified the +6 plate armour of the Endless Expanse
                  | {rPois Regen+ Str+2 Stlth-}
 67896 | Elf:3    | Identified the +9 scimitar of Classification {vorpal, rF++
                  | Str-5 Dex+4}
 67995 | Elf:3    | Acquired 970 gold pieces
 67999 | Elf:3    | Found the +1 cloak of Starlight {*Dazzle EV+4 Stlth--}
 68013 | Elf:3    | Identified the +2 ring mail of a Hundred Hells {+Inv}
 68590 | Elf:3    | Identified the +5 ring mail of Reasonable Music {-Cast
                  | Dex+4 Slay+6 Stlth+}
 69888 | Depths:4 | Found a gate to the Realm of Zot.
 70140 | Zot:1    | Entered Level 1 of the Realm of Zot
 70197 | Zot:1    | Noticed an orb of fire
 70335 | Zot:1    | Gained mutation: You have hidden genetic defects. [an orb
                  | of fire]
 70339 | Zot:1    | Killed an orb of fire
 70412 | Zot:1    | Received a gift from Okawaru
 71078 | Zot:1    | Noticed an orb of fire
 71079 | Zot:1    | Gained mutation: Armour fits poorly on your strangely
                  | shaped body. [an orb of fire]
 71092 | Zot:1    | Gained mutation: Your magical capacity is low. (-10% MP)
                  | [an orb of fire]
 71099 | Zot:1    | Killed an orb of fire
 71255 | Zot:1    | Reached skill level 5 in Stealth
 71362 | Zot:1    | Gained mutation: Your magical capacity is very low. (-20%
                  | MP) [hidden defects]
 71571 | Zot:2    | Received a gift from Okawaru
 72708 | Snake:4  | Bought a ring of fire for 375 gold pieces
 73177 | Zot:2    | Identified the +2 chain mail of the Pits of Slime {rN+
                  | Int+4 Stlth+}
 73368 | Zot:2    | Reached XP level 27. HP: 201/245 MP: 25/25
 73486 | Zot:2    | Gained mutation: You are clumsy. (Dex -2) [hidden defects]
 73486 | Zot:2    | Lost mutation: You have hidden genetic defects. [hidden
                  | defects expressed]
 73890 | Zot:2    | Reached skill level 10 in Evocations
 74119 | Zot:2    | Acquired the +0 pair of boots of Understanding {Will+}
 74310 | Zot:3    | Received a gift from Okawaru
 74732 | Zot:3    | Noticed an orb of fire
 74760 | Zot:3    | Lost mutation: Your muscles are strong. (Str +2) [an orb of
                  | fire]
 74771 | Zot:3    | Killed an orb of fire
 75162 | Zot:3    | Received a gift from Okawaru
 76095 | Zot:4    | Received a gift from Okawaru
 76551 | Zot:4    | Received a gift from Okawaru
 77212 | Zot:4    | Received a gift from Okawaru
 77636 | Zot:5    | Entered Level 5 of the Realm of Zot
 77698 | Zot:5    | Found a runed translucent gate.
 77698 | Zot:5    | Found a runed translucent gate.
 77698 | Zot:5    | Found a runed translucent gate.
 77700 | Zot:5    | Noticed freelancePsychic's ghost (legendary DjSu)
 77700 | Zot:5    | Noticed pdpol's ghost (veteran MiBe)
 77700 | Zot:5    | Noticed RBrandon's ghost (veteran GrCA)
 77772 | Zot:5    | Found the ring of the Tortoise {AC+8}
 77794 | Zot:5    | Killed freelancePsychic's ghost
 77798 | Zot:5    | Killed RBrandon's ghost
 77818 | Arena    | Entered the Arena
 77839 | Arena    | Killed pdpol's ghost
 78104 | Zot:5    | Identified the +4 spear of the Pyrrhic Victory {vorpal,
                  | Int+4}
 78641 | Zot:5    | Noticed an orb of fire
 78650 | Zot:5    | Killed an orb of fire
 78660 | Zot:5    | Reached skill level 15 in Evocations
 78877 | Zot:5    | Noticed an ancient lich
 78894 | Zot:5    | Killed an ancient lich
 79022 | Zot:5    | Received a gift from Okawaru
 79229 | Zot:5    | Noticed an ancient lich
 79240 | Zot:5    | Killed an ancient lich
 79356 | Zot:5    | Got the Orb of Zot
 79621 | D:11     | Noticed a seraph
 79888 | D:1      | Lost mutation: You occasionally shout uncontrollably at
                  | your foes. [potion of mutation]
 79888 | D:1      | Lost mutation: Your spells are a little harder to cast, but
                  | a little more powerful. [potion of mutation]
 79888 | D:1      | Gained mutation: Your muscles are strong. (Str +2) [potion
                  | of mutation]
 79889 | D:1      | Lost mutation: Your system is resistant to poisons. (rPois)
                  | [potion of mutation]
 79889 | D:1      | Lost mutation: Armour fits poorly on your strangely shaped
                  | body. [potion of mutation]
 79889 | D:1      | Lost mutation: Your muscles are strong. (Str +2) [potion of
                  | mutation]
 79889 | D:1      | Gained mutation: Your system is resistant to poisons.
                  | (rPois) [potion of mutation]
 79889 | D:1      | Gained mutation: You passively dampen the noise of your
                  | surroundings. [potion of mutation]
 79895 | D:$      | Escaped with the Orb!

Illustrated notes

Levels and vault maps discovered:
D:1:      elethiomel_arrival_infinity_welcomes_careful_drivers, layout_basic,
          nicolae_ecumenical_lake_church
D:2:      layout_rooms, minmay_misc_feat_pillars, uniq_crazy_yiuf_cottage
D:3:      layout_loops_ring, corexii_hall_statues_x, minmay_goblin_kobold_house
D:4:      layout_gridville, minmay_misc_feat_rugged,
          hangedman_decor_diamond_cutter
D:5:      minmay_evil_eye, layout_basic, cheibriados_altar_1,
          nicolae_overflow_squiral, minmay_temple_entry_mini_moons,
          minmay_ogre_servants
D:6:      layout_basic, serial_park_tiny_2, uniq_sigmund, uniq_blork_the_orc
D:7:      layout_basic, kennysheep_minor_cross, minmay_hollow_rounded_squares
D:8:      layout_loops_corners
D:9:      layout_long_grid, david_lair_shrubbed, serial_shops, shop,
          nzn_random_ring
D:10:     layout_basic, eat_drink_and_be_merry_uskayaw, orc_0_dummy,
          enter_bailey_5, minmay_microvault
D:11:     layout_basic, nicolae_dithmenos_the_darkroom
D:12:     layout_roguey
D:13:     layout_rooms, evilmike_ruin_ashenzari, uniq_josephine
D:14:     layout_rooms, david_vaults_2
D:15:     grunt_enter_depths_magical_seal, layout_irregular_city, serial_shops,
          nicolae_square_shop, chequers_garden
Temple:   dpeg_five_rooms_temple
Lair:1:   layout_loops_ring, grunt_forest_small_clearing_treed
Lair:2:   layout_regular_city, minmay_snake_entry_guardpost_medium,
          st_stairs_11, grunt_megastairs_2, serial_bayou_shore_a
Lair:3:   layout_gridlike, minmay_swamp_entry_swarm, patterned_corridor,
          infiniplex_staircase_pool_2
Lair:4:   nzn_winding_woodlands_three_and_one
          [nzn_winding_woodlands_5x15_parted,
          nzn_winding_woodlands_5x15_concentric,
          nzn_winding_woodlands_5x15_longhouse,
          nzn_winding_woodlands_center_garden], layout_cave_pods,
          serial_bayou_shore_b, infiniplex_staircase_pool
Lair:5:   layout_layer_cave, minmay_slime_entry_oklob_open
Lair:6:   minmay_lair_end_frog_pond, layout_regular_city, lemuel_fruit_tree,
          uniq_sonja
Swamp:1:  layout_basic_swamp, hangedman_swamp_ruin_hall, uniq_nikola
Swamp:2:  layout_basic_swamp, nicolae_swamp_godswood, swamp_pool1,
          nicolae_swamp_spooky_pond
Swamp:3:  layout_falls_marsh, gammafunk_ghost_hydra_chop, lemuel_altar_in_water
Swamp:4:  swamp_old_school, layout_basic_swamp
Snake:1:  layout_chambers, grunt_ministairs_7
Snake:2:  layout_chambers, serial_shops, shop, nicolae_take_the_stairs, shop,
          grunt_ministairs_6, nicolae_snake_herptile_family_reunion
Snake:3:  layout_basic, uniq_vashnia, uniq_aizul
Snake:4:  grunt_snake_rune_pools, layout_cave_town, grunt_ministairs_10,
          st_stairs_4, minmay_shop_grove
Orc:1:    layout_caves, portal_ice_cave_rime, basic_altar,
          nicolae_orc_sculptors_studio, minmay_orc_temple_c
Orc:2:    grunt_orc_cross, layout_diamond_mine, basic_altar, serial_shops,
          nicolae_shop_advertising_works [nicolae_subvault_shop_adworks],
          uniq_rupert, uniq_maurice, uniq_saint_roka
Elf:1:    layout_gridlike, infiniplex_enter_wizlab_spiral, serial_shops,
          shop_fountains, hangedman_elven_crosses_minicolossus
Elf:2:    nicolae_elf_blades_splatter_lattice
          [nicolae_blade_entry_area_security], layout_gridlike, serial_shops,
          nicolae_square_shop, serial_sigils, serial_sigils_hangedman_gut,
          serial_sigils_hangedman_snap, serial_sigils_hangedman_scratch,
          serial_sigils_hangedman_quiver
Elf:3:    minmay_elf_hall_x, layout_geoelf_castle, basic_altar, serial_shops,
          shop
Vaults:1: v_misc_12, v_misc_17, v_misc_18, hangedman_vaults_nails, v_rooms_1,
          hangedman_vaults_locks, nicolae_vaults_little_ls, vaults_mumra_lcd,
          vaults_room_fours, layout_vaults_maze, serial_shops, shop_statue,
          uniq_donald
Vaults:2: hangedman_vaults_unwind, vaults_mumra_chevron, vaults_room_pool,
          grunt_vaults_funnel, v_misc_1, v_misc_12, vaults_dpeg_ring,
          layout_vaults_omnigrid
Vaults:3: vaults_mumra_hex, nicolae_vaults_network_periphery,
          hangedman_vaults_pinch, hangedman_vaults_slice, v_rooms_5, v_misc_28,
          v_misc_19, minmay_guarded_unrand_secular_launcher,
          vaults_mumra_chevron_long, v_misc_15, layout_vaults_big_room,
          serial_shops, shop
Vaults:4: vaults_room_octagon, nicolae_vaults_rhombus_7, v_misc_14,
          hangedman_vaults_variations, ontoclasm_vaults_shout,
          nicolae_vaults_ninety_degrees, vaults_dpeg_cross,
          ontoclasm_vaults_claustrophobia, nicolae_vaults_stairing_the_circle,
          v_misc_12, hangedman_vaults_capsules, nicolae_vaults_little_squares_4,
          nicolae_vaults_alarming, layout_vaults_omnibox, serial_shops, shop,
          uniq_xtahua, uniq_margery
Depths:1: layout_small_grid, hex_medium, serial_shops, nicolae_square_shop,
          shop, nicolae_hell_entry_hellmouth_sunbeams, evilmike_ambush
          [evilmike_ambush_outer_basic, evilmike_ambush_inner_wall_1]
Depths:2: grunt_runaround [grunt_runaround_doors_1, grunt_runaround_doors_2,
          grunt_runaround_doors_3, grunt_runaround_doors_4,
          grunt_runaround_loot], hell_entry, pan_entry, abyss_entry
Depths:3: minmay_quantized_circle, layout_cave_pools,
          nicolae_qazlal_eye_of_the_storm, hangedman_abyss_entry_splay,
          hell_entry, grunt_pan_entry_sceptre, uniq_mennas
Depths:4: grunt_zot_entry_bicorn, layout_cross, hell_entry, minmay_crystal_room,
          minmay_room_of_horrors
Zot:1:    layout_gridville
Zot:2:    layout_twisted_circle, hangedman_zot_decor_tridents
Zot:3:    layout_basic
Zot:4:    layout_onion_interference, hangedman_player_shredder,
          grunt_megastairs_5
Zot:5:    layout_basic, gammafunk_ghost_cemetery, nicolae_zot_crop_circle

Skill      XL: |  1  2  3  4  5  6  7  8  9 10 11 12 13 14 15 16 17 18 19 20 21 22 23 24 25 26 27 |
---------------+----------------------------------------------------------------------------------+-----
Polearms       | 1 2 3 4 5 6 8 9 11 13 14 16 17 18 20 21 22 23 24 | 24.0
Fighting       | 1 2 3 4 5 6 7 9 10 11 12 14 16 17 18 19 20 22 24 25 26 | 26.0
Dodging        | 4 7 9 10 12 13 15 16 17 18 20 21 22 24 26 | 26.5
Invocations    | 3 5 7 9 11 12 | 12.0
Armour         | 3 5 7 9 11 12 14 15 16 17 19 | 19.4
Evocations     | 4 5 9 15 | 15.0
Throwing       | 1 7 10 11 13 14 15 16 | 16.0
Stealth        | 5 |  5.0
Spellcasting   | |  2.0
Conjurations   | |  0.7
Fire Magic     | |  2.1

Action                   |  1- 3 |  4- 6 |  7- 9 | 10-12 | 13-15 | 16-18 | 19-21 | 22-24 | 25-27 || total
-------------------------+-------+-------+-------+-------+-------+-------+-------+-------+-------++-------
Melee: Short sword       |    14 |       |       |       |       |       |       |       |       ||    14
       Dagger            |     5 |     4 |       |       |       |       |       |       |       ||     9
       Hand axe          |       |    46 |       |       |       |       |       |       |       ||    46
       Spear             |       |    15 |     7 |       |       |       |       |       |       ||    22
       Punch             |       |     1 |    10 |    12 |       |       |       |       |     1 ||    24
       Trident           |       |       |   478 |  1221 |  1393 |       |       |       |       ||  3092
       Tailslap          |       |       |       |    15 |    43 |    67 |       |    11 |     4 ||   140
       Headbutt          |       |       |       |       |   276 |   288 |    23 |       |       ||   587
       Glaive            |       |       |       |       |    96 |   143 |       |       |       ||   239
       Halberd           |       |       |       |       |       |   750 |       |   700 |       ||  1450
       Bardiche          |       |       |       |       |       |   745 |  1388 |   845 |  2064 ||  5042
       Demon trident     |       |       |       |       |       |       |   135 |    86 |   251 ||   472
       Trishula          |       |       |       |       |       |       |       |       |    28 ||    28
 Fire: Hunting sling     |       |       |    34 |     4 |       |       |       |       |       ||    38
Throw: Boomerang         |    28 |       |       |       |    24 |    49 |    96 |    89 |   170 ||   456
       Stone             |     2 |       |       |       |     2 |       |       |       |       ||     4
       Dart              |       |     5 |    24 |    18 |     2 |       |     1 |     4 |       ||    54
       Throwing net      |       |       |     2 |       |       |       |       |       |       ||     2
       Javelin           |       |       |       |     2 |     3 |    96 |     9 |    45 |   226 ||   381
 Cast: Foxfire           |    42 |    47 |    39 |     5 |       |       |       |       |       ||   133
       Scorch            |     1 |    23 |     9 |     3 |       |       |     1 |       |       ||    37
Invok: Heroism           |       |       |     7 |    15 |    11 |     4 |       |       |     1 ||    38
       Finesse           |       |       |       |     3 |     4 |    15 |    13 |    13 |    29 ||    77
       Duel              |       |       |       |       |     3 |     1 |     2 |     1 |     1 ||     8
 Abil: Evoke Blink       |       |       |       |       |       |     2 |     1 |       |     2 ||     5
Evoke: Wand              |       |     1 |     2 |    16 |     5 |     4 |       |       |    12 ||    40
       Lightning rod     |       |       |       |       |     4 |       |       |       |       ||     4
       Tin of tremorston |       |       |       |       |     2 |       |     2 |       |       ||     4
  Use: Scroll            |       |     2 |     2 |    14 |    11 |     6 |     6 |    11 |    22 ||    74
       Potion            |       |       |     3 |       |     6 |     1 |     3 |    13 |    16 ||    42
 Stab: Sleeping          |     1 |     4 |     2 |     1 |       |       |       |       |       ||     8
       Invisible         |       |       |     2 |       |       |       |       |       |    29 ||    31
       Distracted        |       |       |       |     1 |     2 |     2 |       |       |     2 ||     7
       Paralysed         |       |       |       |       |       |       |       |     1 |       ||     1
Armor: Robe              |     5 |    16 |       |       |       |       |       |       |       ||    21
       Ring mail         |       |     2 |   111 |       |       |       |       |       |       ||   113
       Leather armour    |       |       |     3 |    76 |    16 |       |       |       |       ||    95
       Skin              |       |       |     2 |       |       |       |       |       |       ||     2
       Chain mail        |       |       |       |     3 |   239 |   490 |   464 |   482 |   102 ||  1780
       Steam dragon scal |       |       |       |    88 |       |       |       |       |       ||    88
       Troll leather arm |       |       |       |     9 |    26 |       |       |       |       ||    35
       Storm dragon scal |       |       |       |       |       |       |       |       |   182 ||   182
       Fire dragon scale |       |       |       |       |       |       |       |       |    28 ||    28
       Gold dragon scale |       |       |       |       |       |       |       |       |   363 ||   363
Dodge: Dodged            |    18 |    54 |   187 |   680 |   712 |   818 |   740 |   833 |  1201 ||  5243
Block: Other             |       |       |     4 |    55 |       |       |       |       |       ||    59
       Reflection        |       |       |       |     3 |     3 |       |     7 |       |       ||    13
       Kite shield       |       |       |       |   325 |    27 |       |    63 |    27 |       ||   442
       Buckler           |       |       |       |    48 |   230 |       |       |       |    10 ||   288
